Map: Port Aleksander LE

Players

TiPtOP

  • Race: Terran Terran
  • League: Silver
  • Spawn Location: 5:00

DreaMy - Winner!

  • Race: Zerg Zerg
  • League: Silver
  • Spawn Location: 11:00

VOD

Have the link to the VOD?

Description

Time

  • Played on: May 12, 2019, 8:25 p.m.
  • Length: 4:12
Show
View Real Time Build Order
Export as new Build Order

TiPtOP Terran 

Build Orders:  

Get SALT Encoding   

  12  0:00  SCV  
  13  0:13  SCV  
  14  0:20  Supply Depot  
  14  0:25  SCV  
  15  0:41  SCV  
  16  0:47  Barracks  
  16  0:54  SCV  
  10  1:25  SCV  
  3  1:33  Marine  
  4  1:51  Marine  
  4  2:16  Marine  
    3:43  SCV  
Show
View Real Time Build Order
Export as new Build Order

DreaMy Zerg - Winner!

Build Orders:  

Get SALT Encoding   

  12  0:04  Drone  
  13  1:06  Drone  
  8  1:41  Drone  
  7  2:08  Drone  
  7  2:24  Drone  
  7  2:57  Drone  
  8  3:47  Drone  
  9  3:55  Drone  
Tags
 
Add a new tag
Caveats
  • Supply blocks, unpowered buildings, or Contaminate may cause inaccurate times.
  • Supply counts are checked every 10 seconds.